 Dungeon Crawl Stone Soup version 0.29-a0-668-g12ee2bf84d (webtiles) character file.

Game seed: 5136240453377881640

107 IdlyInterested the Skirmisher (level 4, 0/37 HPs)
             Began as a Demonspawn Fighter on June 23, 2022.
             Killed by divine providence
             ... invoked by an orc priest
              (10 damage)
             ... on level 3 of the Dungeon.
             The game lasted 00:04:48 (2428 turns).

IdlyInterested the Skirmisher (Demonspawn Fighter)  Turns: 2428, Time: 00:04:49

Health: 0/37       AC:  8    Str: 18    XL:     4   Next: 57%
Magic:  0/4        EV:  9    Int:  9    God:
Gold:   125        SH:  9    Dex: 13    Spells: 3/3 levels left

rFire   . . .      SeeInvis .   a - +0 flail
rCold   + . .      Faith    .   c - +0 buckler
rNeg    . . .      Spirit   +   p - +2 scale mail {rC+}
rPois   .          Reflect  .   (no helmet)
rElec   .          Harm     .   (no cloak)
rCorr   .          Rampage  .   (no gloves)
Will    .....      Rage     1%  (no boots)
Stlth   ..........              e - amulet of guardian spirit
HPRegen 0.12/turn               (no ring)
MPRegen 0.09/turn               (no ring)

@: mighty, lethally poisoned (0 -> -10), on berserk cooldown
A: claws 2, large bone plates 1, berserk 1, subdued magic 1
a: no special abilities


You were on level 3 of the Dungeon.
You visited 1 branch of the dungeon, and saw 3 of its levels.

You collected 125 gold pieces.

Inventory:

Hand Weapons
 a - a +0 flail (weapon)
Missiles
 i - 12 stones (quivered)
Armour
 c - a +0 buckler (worn)
 g - a +0 robe of positive energy
 p - a +2 scale mail of cold resistance (worn)
Jewellery
 e - an amulet of guardian spirit (around neck)
Scrolls
 h - a scroll of identify
 m - 2 scrolls of teleportation
Potions
 d - a potion of might
 f - a potion of heal wounds
 j - a potion of resistance
 k - 2 potions of curing
 l - a potion of mutation
 o - a potion of flight


   Skills:
 - Level 4.0 Fighting
 + Level 2.8 Maces & Flails
 - Level 2.6 Armour
 * Level 3.5 Shields


You had 3 spell levels left.
You didn't know any spells.
Your spell library contained the following spells:

 Spells                   Type           Power      Damage    Failure   Level
 Gell's Gravitas          Tloc           0%         N/A       99%         3
 Teleport Other           Tloc           0%         N/A       99%         3
 Dispersal                Tloc           0%         N/A       100%        6


Dungeon Overview and Level Annotations

Branches:
Dungeon (3/15)

Altars:


Innate Abilities, Weirdness & Mutations

You have very sharp fingernails.
You are partially covered in large bone plates. (SH +4)
You tend to lose your temper in combat.
Your spells are a little easier to cast, but a little less powerful.


Message History

You closely miss something. Something hits you but does no damage.
You are poisoned.
You hear some strange, mumbled words.
A magic dart appears from out of thin air!
The magic dart hits you.
The orc priest invokes the aid of Beogh against you.
Something writhes in agony.
You feel very mighty all of a sudden.
You feel sick. You block something's attack.
You closely miss something.
You feel yourself speed up.
You feel sick. Something hits you.
You are lethally poisoned!
Something hits you but does no damage.
You are more poisoned.
You feel much better.
You feel very sick. Something hits you.
You miss something.
You feel very sick.
Something hits you but does no damage. x2
You barely miss something.
You feel very sick. Something hits you.
You are more poisoned.
You miss something.
You feel very sick. Something hits you but does no damage.
You are lethally poisoned!
You closely miss something.
You feel very sick. You block something's attack.
You miss something.
* * * LOW HITPOINT WARNING * * *
You feel very sick.
You hear some strange, mumbled words.
Something tries to affect you, but you resist.
The orc priest calls down the wrath of Beogh upon you.
Beogh smites you!
You die...

#.#.#...# ..+ ..#.#...#
###### ..#
###.#...#####....# ..#
..#..........)...###.###..
...........##..o.o.o.....{
...........###o..$.{.o$<..
...........# #.#########!o
....##########o#########
....# #...o{@.....!. ....#
#.############ ....# #
#####


You could see an orc priest and an orc.

Vanquished Creatures
  An orc wizard (D:2)
  An adder (D:2)
  A worm (D:3)
  2 dart slugs
  4 orcs
  9 endoplasms
  2 giant cockroaches
  4 goblins (D:1)
  6 hobgoblins
  8 jackals (D:1)
  4 kobolds
  A quokka (D:1)
  4 ball pythons
  2 bats
  A frilled lizard (D:2)
  6 rats
56 creatures vanquished.

Notes
Turn   | Place    | Note
-------+----------+-------------------------------------------
     0 | D:1      | IdlyInterested the Demonspawn Fighter began the quest for
                  | the Orb.
     0 | D:1      | Reached XP level 1. HP: 18/18 MP: 1/1
   309 | D:1      | Gained mutation: You have sharp fingernails. [demonic
                  | ancestry]
   309 | D:1      | Reached XP level 2. HP: 21/24 MP: 2/2
   712 | D:1      | Reached XP level 3. HP: 19/30 MP: 3/3
   725 | D:1      | Reached skill level 4 in Fighting
  1218 | D:1      | Gained mutation: You tend to lose your temper in combat.
                  | [potion of mutation]
  1218 | D:1      | Gained mutation: You are partially covered in large bone
                  | plates. (SH +4) [potion of mutation]
  1218 | D:1      | Gained mutation: Your spells are a little easier to cast,
                  | but a little less powerful. [potion of mutation]
  1376 | D:2      | Gained mutation: You have very sharp fingernails. [demonic
                  | ancestry]
  1376 | D:2      | Reached XP level 4. HP: 20/37 MP: 4/4
  2126 | D:2      | Found a faded altar of an unknown god.
  2428 | D:3      | Killed from afar by an orc priest

Illustrated notes

Levels and vault maps discovered:
D:1:      dpeg_arrival_pits, layout_rooms
D:2:      layout_loops_ring, shapermc_ecumenical_altar_pompeii
D:3:      minmay_skewed_foursquare, layout_basic, general_overflow_altar,
          minmay_snake_closets

Skill      XL: |  1  2  3 |
---------------+----------+-----
Maces & Flails | 2 |  2.8
Fighting       | 4 |  4.0
Shields        | 3 |  3.5
Armour         | |  2.6

Action                   |  1- 3 |  4- 6 || total
-------------------------+-------+-------++-------
Melee: Flail             |   107 |    53 ||   160
  Use: Potion            |     4 |     2 ||     6
       Scroll            |     3 |     4 ||     7
Armor: Scale mail        |    63 |    16 ||    79
Dodge: Dodged            |    55 |    13 ||    68
Block: Buckler           |    23 |    23 ||    46

Table legend: (Time is in decaauts)
 A = Elapsed time spent in this place.
 B = Non-inter-level travel time spent in this place.
 C = Inter-level travel time spent in this place.
 D = Time resting spent in this place.
 E = Time spent auto-exploring this place.
 F = Levels seen in this place.
 G = Mean time per level.
                   A        B        C        D        E       F      G
               +--------+--------+--------+--------+--------+-----+--------+
         Total |   2501 |   2447 |     54 |    828 |   1111 |   3 |  833.7 |
       Dungeon |   2501 |   2447 |     54 |    828 |   1111 |   3 |  833.7 |
               +--------+--------+--------+--------+--------+-----+--------+

Top non-repeatable levels by time:
     D:1: 1388 daAuts
     D:2: 928 daAuts
     D:3: 184 daAuts
